AoeStats
← I3OPOH

Arabia

510716848Analyzed
1v1 RM · 7h ago on Oct 2, 2026· 39m 26s· 2 players
Game mode
Random Map
Map size
Tiny (2 player)
Population
200
Speed
Normal
Resources
Standard
Victory
Conquest
Starting age
Dark Age
Ending age
Imperial Age
RankedLock teamsTeams togetherTeam positionsShared explorationLock speedFull tech treeHidden civsTurbo modeCheats
Victory
Defeat
🇨🇿 Romans · Czechia
702
+16
🇲🇩 Ethiopians · Moldova
698
-37
I3OPOH
6:01 Loom
11:20 Feudal Age
12:49 Double-Bit Axe
19:22 Wheelbarrow
23:05 Castle Age
21:11 Fletching
24:17 Bow Saw
23:36 Crossbowman
25:20 Thumb Ring
26:38 Hand Cart
29:33 Padded Archer Armor
29:46 Bodkin Arrow
37:32 Royal Heirs
E=mc²
10:48 Feudal Age
17:21 Castle Age
16:07 Horse Collar
22:02 Gold Mining
23:32 Double-Bit Axe
24:50 Heavy Plow
30:50 Imperial Age
28:54 Bow Saw
30:46 Ballistics
31:31 Wheelbarrow
31:47 Gold Shaft Mining
31:52 Conscription
35:56 Fletching
Connection lost

Rejoining the realm…

Still unreachable

The connection could not be restored.

Session expired

The server has moved on; the page needs a fresh start.